 Seeded DCSS version 0.30-a0-381-g6ea064c7b4 (webtiles) character file.

Game seed: 12012022 (custom seed)

3717 McGhostyFace the Thaumaturge (level 10, -5/74 HPs)
             Began as a Gnoll Wanderer on Dec 2, 2022.
             Was an Initiate of Ashenzari.
             Killed from afar by an electric eel (11 damage)
             ... with a bolt of electricity
             ... on level 8 of the Dungeon.
             The game lasted 00:16:01 (9198 turns).

McGhostyFace the Thaumaturge (Gnoll Wanderer)       Turns: 9198, Time: 00:16:02

Health: -5/74      AC:  9    Str: 14    XL:     10   Next: 14%
Magic:  21/22      EV: 13    Int: 16    God:    Ashenzari [......]
Gold:   413        SH:  0    Dex:  9    Spells: 19/26 levels left

rFire   . . .      SeeInvis .    G - +4 flail (venom)
rCold   . . .      Faith    .    (no shield)
rNeg    . . .      Spirit   .    E - +0 steam dragon scales
rPois   .          Reflect  .    w - +1 helmet of the Lashed God {Elem, Range} (curse)
rElec   .          Harm     .    (no cloak)
rCorr   .          Rampage  .    l - +0 pair of gloves
Will    .....                    (no boots)
Stlth   +++.......               (no amulet)
HPRegen 0.32/turn                (no ring)
MPRegen 0.18/turn                (no ring)

@: no status effects
A: fangs 1, strong nose, distributed training
a: Renounce Religion, Shatter the Chains


You were on level 8 of the Dungeon.
You worshipped Ashenzari.
Ashenzari was noncommittal.
You visited 2 branches of the dungeon, and saw 9 of its levels.

You collected 413 gold pieces.

Inventory:

Hand Weapons
 k - a +0 dagger
 u - a +0 long sword
 D - a +0 long sword of holy wrath
 G - a +4 flail of venom (weapon)
Missiles
 b - 3 boomerangs of dispersal
 H - 3 javelins
 I - 14 poisoned darts
Armour
 c - a +0 leather armour
 l - a +0 pair of gloves (worn)
 w - the cursed +1 helmet of the Lashed God (worn) {Elem, Range}
   (You took it off Robin on level 4 of the Dungeon)

   It has a curse which improves the following skills: Elements: Fire Magic, Ice
   Magic, Air Magic and Earth Magic.
   Ranged Combat: Ranged Weapons and Throwing.
 E - +0 steam dragon scales (worn)
Jewellery
 t - an amulet of guardian spirit
Wands
 d - a wand of acid (2)
 y - a wand of flame (12)
 z - a wand of mindburst (18)
 K - a wand of polymorph (2)
Scrolls
 e - a scroll of butterflies {unknown}
 f - 10 scrolls of identify {unknown}
 g - 2 scrolls of vulnerability {unknown}
 h - a scroll of immolation {unknown}
 i - 5 scrolls of teleportation
 m - a scroll of noise {unknown}
 o - a scroll of silence {unknown}
 p - a scroll of magic mapping {unknown}
 r - a scroll of enchant weapon {unknown}
 s - a scroll of amnesia {unknown}
 B - 2 scrolls of fear {unknown}
 J - 2 scrolls of poison {unknown}
Potions
 j - 3 potions of cancellation
 n - a potion of invisibility {unknown}
 q - a potion of attraction {unknown}
 v - a potion of degeneration {unknown}
 x - 3 potions of might {unknown}
 A - 2 potions of curing {unknown}
 C - 2 potions of brilliance {unknown}
 F - a potion of haste {unknown}
 L - 2 potions of lignification {unknown}
 M - a potion of magic {unknown}


   Skills:
 + Level 5.2 Fighting
 + Level 5.2 Short Blades
 + Level 5.2 Long Blades
 + Level 5.2 Axes
 + Level 5.2 Maces & Flails
 + Level 5.2 Polearms
 + Level 5.2 Staves
 + Level 5.2(5.6) Ranged Weapons
 + Level 5.2(5.6) Throwing
 + Level 5.2 Armour
 + Level 5.8 Dodging
 + Level 5.2 Stealth
 + Level 5.2 Shields
 + Level 5.2 Unarmed Combat
 + Level 8.9 Spellcasting
 + Level 4.2 Conjurations
 + Level 4.2 Hexes
 + Level 4.2 Summonings
 + Level 4.2 Necromancy
 + Level 5.8 Translocations
 + Level 4.2 Transmutations
 + Level 4.2(4.7) Fire Magic
 + Level 4.2(4.7) Ice Magic
 + Level 4.2(4.7) Air Magic
 + Level 7.0(7.4) Earth Magic
 + Level 4.2 Poison Magic
 + Level 5.7 Invocations
 + Level 5.8 Evocations


You had 19 spell levels left.
You knew the following spells:

 Your Spells              Type           Power      Damage    Failure   Level
a - Sandblast             Erth           62%        2d14      1%          1
b - Stone Arrow           Conj/Erth      52%        3d10      2%          3
c - Gell's Gravitas       Tloc           25%        N/A       2%          3

Your spell library contained the following spells:

 Spells                   Type           Power      Damage    Failure   Level
 Apportation              Tloc           50%        N/A       1%          1
 Ensorcelled Hibernation  Hex/Ice        42%        N/A       2%          2
 Static Discharge         Conj/Air       42%        2-4/arc   2%          2
 Lesser Beckoning         Tloc           50%        N/A       2%          3
 Vhi's Electric Charge    Tloc/Air       48%        N/A       3%          3
 Hailstorm                Conj/Ice       21%        3d6       4%          3
 Spider Form              Tmut/Pois      20%        N/A       5%          3
 Ice Form                 Ice/Tmut       21%        N/A       16%         4
 Anguish                  Hex/Necr       10%        N/A       17%         4
 Arcjolt                  Conj/Air       10%        1d20      41%         5
 Lightning Bolt           Conj/Air       10%        1d23      41%         5
 Simulacrum               Ice/Necr       10%        N/A       94%         6


Dungeon Overview and Level Annotations

Branches:
Dungeon (8/15)             Temple (1/1) D:6
   Lair: D:8-11

Altars:
Ashenzari
Dithmenos
Elyvilon
Fedhas
Gozag
Hepliaklqana
Makhleb
Okawaru
Qazlal
Ru
Uskayaw
Vehumet
Wu Jian
Xom
Zin
The Shining One


Innate Abilities, Weirdness & Mutations

You have very sharp teeth.
Your uncanny sense of smell can sniff out nearby items.
Your experience applies equally to all skills.


Message History

You feel strangely unstable.
It was a scroll of teleportation.
The yak gores you!
* * * LOW HITPOINT WARNING * * *
The black bear barely misses you.
The black bear claws you but does no damage.
The black bear barely misses you.
The black bear bites you but does no damage.
The black bear misses you. The black bear closely misses you.
Found a fuming golden potion.
The black bear closely misses you.
The black bear claws you but does no damage.
The black bear closely misses you.
The black bear attacks as you move away!
The black bear bites you but does no damage.
The black bear closely misses you. The black bear claws you.
* * * LOW HITPOINT WARNING * * *
Your surroundings suddenly seem different.
Splash!
You fall into the shallow water.
Moving in this stuff is going to be slow.
An electric eel comes into view.
The electric eel shoots out a bolt of lightning at you!
The bolt of electricity hits you!
* * * LOW HITPOINT WARNING * * *
The electric eel shoots out a bolt of lightning at you!
The bolt of electricity hits you.
* * * LOW HITPOINT WARNING * * *
You feel much better.
The electric eel shoots out a bolt of lightning at you!
The bolt of electricity hits you.
* * * LOW HITPOINT WARNING * * *
Your magical contamination has completely faded away.
The electric eel shoots out a bolt of lightning at you!
The bolt of electricity hits you!
* * * LOW HITPOINT WARNING * * *
The electric eel shoots out a bolt of lightning at you!
The bolt of electricity hits you.
* * * LOW HITPOINT WARNING * * *
The electric eel shoots out a bolt of lightning at you!
The bolt of electricity hits you!
You die...

#.......# ....
##......# .... ###
## #.<[...# ...
#..#.##.÷...........
#.....#)###.........
.....).##.........
###.....~...........
#.....#P~~.....#....
#..@#♣~~~♣...###..
###.#♣~~~~##.. ..
#...♣~P~♣♣
#...~~~~~♣
♣...~~~~~♣
#~~....~≈~~~...
♣~~~...PS≈~~~...
♣~~....~~~≈~P♣..
♣~P....P~≈~~~♣ .


You could see an electric eel.

Vanquished Creatures
  An elephant (D:8)
  Maggie (D:6)
  5 yaks (D:6)
  Edmund (D:6)
  2 orc warriors (D:8)
  A black bear (D:5)
  An ice beast (D:7)
  A centaur (D:8)
  2 ogres (D:6)
  A phantom (D:6)
  A kobold brigand (D:6)
  3 bullfrogs
  5 scorpions
  5 wights
  A gnoll bouda (D:6)
  2 orc priests
  A hound (D:6)
  2 jellies (D:5)
  Jessica (D:2)
  3 orc wizards
  Robin (D:4)
  8 gnolls
  7 adders
  3 worms
  2 dart slugs
  14 orcs
  8 ball pythons
  5 endoplasms
  3 giant cockroaches
  12 goblins
  4 hobgoblins
  2 bats (D:3)
  10 kobolds
  4 rats
123 creatures vanquished.

Vanquished Creatures (collateral kills)
  A water moccasin (D:7)
  A sky beast (D:7)
  A kobold brigand (D:7)
  6 kobolds (D:7)
9 creatures vanquished.

Vanquished Creatures (others)
  A jelly (D:7)
  A plant (D:8)
2 creatures vanquished.

Grand Total: 134 creatures vanquished

Notes
Turn   | Place    | Note
-------+----------+-------------------------------------------
     0 | D:1      | McGhostyFace the Gnoll Wanderer began the quest for the
                  | Orb.
     0 | D:1      | McGhostyFace set off with the following items: a +0 club, a
                  | scroll of summoning, a +0 leather armour, a wand of flame
                  | (5); and the following spells available to memorise:
                  | Sandblast, Apportation, Gell's Gravitas, Lesser Beckoning,
                  | Stone Arrow.
     0 | D:1      | Reached XP level 1. HP: 13/13 MP: 8/8
   561 | D:1      | Reached XP level 2. HP: 16/19 MP: 10/10
   826 | D:2      | Learned a level 1 spell: Sandblast
   999 | D:2      | Noticed Jessica
  1001 | D:2      | Killed Jessica
  1002 | D:2      | Reached skill level 1 in Invocations
  1002 | D:2      | Reached XP level 3. HP: 25/25 MP: 8/11
  1272 | D:2      | Reached skill level 1 in Fighting
  1272 | D:2      | Reached skill level 1 in Short Blades
  1272 | D:2      | Reached skill level 1 in Long Blades
  1272 | D:2      | Reached skill level 1 in Axes
  1272 | D:2      | Reached skill level 1 in Maces & Flails
  1272 | D:2      | Reached skill level 1 in Polearms
  1272 | D:2      | Reached skill level 1 in Staves
  1272 | D:2      | Reached skill level 1 in Ranged Weapons
  1272 | D:2      | Reached skill level 1 in Throwing
  1272 | D:2      | Reached skill level 1 in Armour
  1272 | D:2      | Reached skill level 1 in Stealth
  1272 | D:2      | Reached skill level 1 in Shields
  1272 | D:2      | Reached skill level 1 in Unarmed Combat
  1895 | D:3      | Found a hide-covered altar of Uskayaw.
  1945 | D:3      | Reached XP level 4. HP: 32/32 MP: 11/13
  2242 | D:3      | Reached skill level 1 in Conjurations
  2242 | D:3      | Reached skill level 1 in Hexes
  2242 | D:3      | Reached skill level 1 in Summonings
  2242 | D:3      | Reached skill level 1 in Necromancy
  2242 | D:3      | Reached skill level 1 in Transmutations
  2242 | D:3      | Reached skill level 1 in Fire Magic
  2242 | D:3      | Reached skill level 1 in Ice Magic
  2242 | D:3      | Reached skill level 1 in Air Magic
  2242 | D:3      | Reached skill level 1 in Poison Magic
  2813 | D:4      | Learned a level 3 spell: Stone Arrow
  2820 | D:4      | Learned a level 3 spell: Gell's Gravitas
  2975 | D:4      | Noticed Robin
  3001 | D:4      | Killed Robin
  3002 | D:4      | Reached XP level 5. HP: 10/37 MP: 1/14
  3158 | D:4      | Found a hazy altar of Hepliaklqana.
  3161 | D:4      | Found an ornate altar of the Wu Jian Council.
  3163 | D:4      | Found a burning altar of Makhleb.
  3658 | D:5      | Entered Level 5 of the Dungeon
  3797 | D:5      | Noticed an ogre
  4076 | D:5      | Reached XP level 6. HP: 23/44 MP: 11/16
  4517 | D:5      | Noticed a black bear
  4522 | D:5      | Killed a black bear
  4523 | D:5      | Reached XP level 7. HP: 51/51 MP: 4/18
  5818 | D:6      | Noticed Maggie
  5818 | D:6      | Noticed a yak
  5818 | D:6      | Noticed a yak
  5818 | D:6      | Noticed a yak
  5818 | D:6      | Noticed a yak
  5829 | D:6      | Killed Maggie
  5830 | D:6      | Reached XP level 8. HP: 47/58 MP: 1/19
  5831 | D:6      | Killed a yak
  5832 | D:6      | Reached skill level 8 in Spellcasting
  5832 | D:6      | Noticed a yak
  5833 | D:6      | Killed a yak
  5838 | D:6      | Killed a yak
  5839 | D:6      | Reached skill level 5 in Translocations
  5839 | D:6      | Killed a yak
  5839 | D:6      | Killed a yak
  5840 | D:6      | Reached XP level 9. HP: 16/65 MP: 3/21
  6102 | D:6      | Noticed Edmund
  6111 | D:6      | Killed Edmund
  6235 | D:6      | Reached skill level 5 in Dodging
  6235 | D:6      | Reached skill level 5 in Evocations
  6880 | D:6      | Reached skill level 5 in Invocations
  6984 | D:6      | Found a staircase to the Ecumenical Temple.
  7003 | Temple   | Entered the Ecumenical Temple
  7150 | Temple   | Became a worshipper of Ashenzari the Shackled
  7294 | D:6      | Found an opulent altar of Gozag.
  7731 | D:7      | Found a stormy altar of Qazlal.
  8258 | D:7      | Found a radiant altar of Vehumet.
  9031 | D:8      | Reached skill level 5 in Fighting
  9031 | D:8      | Reached skill level 5 in Short Blades
  9031 | D:8      | Reached skill level 5 in Long Blades
  9031 | D:8      | Reached skill level 5 in Axes
  9031 | D:8      | Reached skill level 5 in Maces & Flails
  9031 | D:8      | Reached skill level 5 in Polearms
  9031 | D:8      | Reached skill level 5 in Staves
  9031 | D:8      | Reached skill level 5 in Ranged Weapons
  9031 | D:8      | Reached skill level 5 in Throwing
  9031 | D:8      | Reached skill level 5 in Armour
  9031 | D:8      | Reached skill level 5 in Stealth
  9031 | D:8      | Reached skill level 5 in Shields
  9031 | D:8      | Reached skill level 5 in Unarmed Combat
  9031 | D:8      | Reached XP level 10. HP: 71/74 MP: 1/22
  9171 | D:8      | Noticed an elephant
  9183 | D:8      | Killed an elephant
  9194 | D:8      | HP: 1/74 [electric eel/bolt of electricity (3)]
  9198 | D:8      | Killed from afar by an electric eel

Illustrated notes

Levels and vault maps discovered:
D:1:      minmay_arrival_wavy_path, layout_loops_ring, chequers_big_river
D:2:      layout_loops_ring, uniq_jessica
D:3:      layout_basic, nicolae_overflow_crystal_walls
D:4:      layout_basic, grunt_temple_overflow_open, uniq_robin
D:5:      layout_basic
D:6:      layout_loops_ring, general_overflow_altar,
          minmay_temple_entry_junction, chequers_avenue, solitary_fountain,
          uniq_edmund, uniq_maggie
D:7:      layout_layer_cave, nicolae_qazlal_scattered_showers,
          fiery_altar_vehumet
D:8:      layout_cave_pools, david_lair_generic, serial_bayou_ford_a,
          minmay_misc_feat_square
Temple:   nicolae_temple_bog_church

Skill      XL: |  1  2  3  4  5  6  7  8  9 10 |
---------------+-------------------------------+-----
Invocations    | 1 2 3 4 5 |  5.7
Fighting       | 1 2 3 4 5 |  5.2
Short Blades   | 1 2 3 4 5 |  5.2
Long Blades    | 1 2 3 4 5 |  5.2
Axes           | 1 2 3 4 5 |  5.2
Maces & Flails | 1 2 3 4 5 |  5.2
Polearms       | 1 2 3 4 5 |  5.2
Staves         | 1 2 3 4 5 |  5.2
Ranged Weapons | 1 2 3 4 5 |  5.2
Throwing       | 1 2 3 4 5 |  5.2
Armour         | 1 2 3 4 5 |  5.2
Stealth        | 1 2 3 4 5 |  5.2
Shields        | 1 2 3 4 5 |  5.2
Unarmed Combat | 1 2 3 4 5 |  5.2
Conjurations   | 1 2 3 4 |  4.2
Hexes          | 1 2 3 4 |  4.2
Summonings     | 1 2 3 4 |  4.2
Necromancy     | 1 2 3 4 |  4.2
Transmutations | 1 2 3 4 |  4.2
Fire Magic     | 1 2 3 4 |  4.2
Ice Magic      | 1 2 3 4 |  4.2
Air Magic      | 1 2 3 4 |  4.2
Poison Magic   | 1 2 3 4 |  4.2
Dodging        | 3 4 5 |  5.8
Evocations     | 3 4 5 |  5.8
Translocations | 4 5 |  5.8
Earth Magic    | 6 7 |  7.0
Spellcasting   | 8 |  8.9

Action                   |  1- 3 |  4- 6 |  7- 9 | 10-12 || total
-------------------------+-------+-------+-------+-------++-------
Melee: Club              |     9 |       |       |       ||     9
       Dagger            |    18 |       |       |       ||    18
       Bite              |     4 |       |     4 |     1 ||     9
       Long sword        |       |    19 |     9 |       ||    28
       Punch             |       |       |     2 |       ||     2
       Flail             |       |       |    48 |    12 ||    60
Throw: Javelin           |       |     5 |     6 |       ||    11
       Dart              |       |       |     1 |       ||     1
 Cast: Sandblast         |    22 |    58 |    17 |       ||    97
       Gell's Gravitas   |       |     7 |     6 |       ||    13
       Stone Arrow       |       |     6 |    62 |       ||    68
Invok: Curse Item        |       |       |     1 |       ||     1
Evoke: Wand              |     5 |     1 |     6 |     3 ||    15
  Use: Potion            |       |       |     2 |     1 ||     3
       Scroll            |       |       |     1 |     1 ||     2
 Stab: Sleeping          |       |       |     1 |       ||     1
Armor: Leather armour    |    16 |    19 |    12 |       ||    47
       Steam dragon scal |       |       |    31 |    10 ||    41
Dodge: Dodged            |    17 |    36 |    69 |    26 ||   148

Table legend: (Time is in decaauts)
 A = Elapsed time spent in this place.
 B = Non-inter-level travel time spent in this place.
 C = Inter-level travel time spent in this place.
 D = Time resting spent in this place.
 E = Time spent auto-exploring this place.
 F = Levels seen in this place.
 G = Mean time per level.
                   A        B        C        D        E       F      G
               +--------+--------+--------+--------+--------+-----+--------+
         Total |   9285 |   9052 |    233 |   2986 |   4965 |   9 | 1031.7 |
       Dungeon |   9125 |   8915 |    210 |   2880 |   4938 |   8 | 1140.6 |
        Temple |    160 |    137 |     23 |    106 |     26 |   1 |  160.0 |
               +--------+--------+--------+--------+--------+-----+--------+

Top non-repeatable levels by time:
     D:5: 1913 daAuts
     D:6: 1649 daAuts
     D:7: 1308 daAuts
     D:3: 1048 daAuts
     D:4: 1004 daAuts
     D:2: 957 daAuts
     D:1: 834 daAuts
     D:8: 409 daAuts
  Temple: 160 daAuts
